 Dungeon Crawl Stone Soup version 0.27.1-33-g824d729ab1 (webtiles) character file.

Game seed: 6401198510066018422

16 auston007 the Scholar of Death (level 2, -4/20 HPs)
             Began as a Hill Orc Necromancer on Dec 19, 2021.
             Was a Follower of Kikubaaqudgha.
             Shot with a stone by a goblin (6 damage)
             ... on level 2 of the Dungeon.
             The game lasted 00:19:05 (2063 turns).

auston007 the Scholar of Death (HONe)               Turns: 2063, Time: 00:19:06

Health: -4/20      AC:  2    Str: 10    XL:     2   Next: 54%
Magic:  4/4        EV: 12    Int: 15    God:    Kikubaaqudgha [*.....]
Gold:   24         SH:  0    Dex: 11    Spells: 0/4 levels left

rFire    . . .     SeeInvis .   i - +1 short sword (venom)
rCold    . . .     Faith    .   (no shield)
rNeg     . . .     Spirit   .   a - +0 robe
rPois    .         Reflect  .   (no helmet)
rElec    .         Harm     .   (no cloak)
rCorr    .         Rampage  .   (no gloves)
Will     .....                  (no boots)
Stlth    ++........             (no amulet)
HPRegen  0.06/turn              (no ring)
MPRegen  0.09/turn              (no ring)

@: no status effects
A: no striking features
a: Renounce Religion, Receive Corpses


You were on level 2 of the Dungeon.
You worshipped Kikubaaqudgha.
Kikubaaqudgha was aware of your devotion.
You visited 1 branch of the dungeon, and saw 2 of its levels.

You collected 24 gold pieces.

Inventory:

Hand Weapons
 b - a +0 whip
 d - a +0 dagger
 i - a +1 short sword of venom (weapon)
Missiles
 j - a stone
Armour
 a - a +0 robe (worn)
 c - a +0 robe
Scrolls
 g - a scroll of fear {unknown}
 h - a scroll of enchant armour {unknown}
Potions
 e - 2 potions of mutation {unknown}
 f - a potion of cancellation {unknown}


   Skills:
 + Level 0.3 Maces & Flails
 + Level 1.5 Dodging
 + Level 1.7 Stealth
 + Level 1.7 Spellcasting
 + Level 4.3 Necromancy


You couldn't memorise any spells.
You knew the following spells:

 Your Spells              Type           Power      Damage    Failure   Level
a - Pain                  Necr           56%        1d6       3%          1
b - Animate Skeleton      Necr           28%        N/A       3%          1
c - Sublimation of Blood  Necr           7%         N/A       5%          2

Your spell library contained the following spells:

 Spells                   Type           Power      Damage    Failure   Level
 Vampiric Draining        Necr           7%         2d7       11%         3
 Summon Small Mammal      Summ           4%         N/A       22%         1
 Animate Dead             Necr           7%         N/A       36%         4
 Call Canine Familiar     Summ           1%         N/A       56%         3
 Summon Guardian Golem    Hex/Summ       1%         N/A       56%         3
 Agony                    Necr           14%        N/A       71%         5


Dungeon Overview and Level Annotations

Branches:
Dungeon (2/15)

Altars:
Kikubaaqudgha


Message History

Press: ? - help, Q - select action, (/) - cycle Shift-Dir - straight line, f/p - worm
Aim: a worm (lightly wounded, chance to affect: 79%)
The worm writhes in agony.
An adder comes into view.
Found a stone staircase leading down.
You start resting.
A worm is nearby!
Things that are here:
a +1 short sword of venom; a stone
Okay, then.
i - a +1 short sword of venom;
j - a stone
There are no items here.
Okay, then.
Your +1 short sword of venom begins to drip with poison!
i - a +1 short sword of venom (weapon)
A worm is nearby!
There is a stone staircase leading up here.
A goblin comes into view. It is wielding a +0 dagger.
The goblin shouts!
A hobgoblin comes into view. It is wielding a +0 club.
The goblin unwields a +0 dagger.
The goblin wields a +0 hunting sling.
The goblin shoots a stone.
The stone hits you.
The goblin shoots a stone.
The stone closely misses you.
The goblin shoots a stone.
The stone barely misses you.
You hear a shout!
Aiming: Pain (safe; 3% risk of failure)
Press: ? - help, Q - select action, (/) - cycle Shift-Dir - straight line, f - you
Okay, then.
A goblin is nearby!
A goblin is nearby!
A goblin is nearby!
The goblin shoots a stone.
The stone closely misses you.
The goblin shoots a stone.
The stone hits you.
* * * LOW HITPOINT WARNING * * *
The goblin shoots a stone.
The stone misses you.
The goblin shoots a stone.
The stone hits you.
* * * LOW HITPOINT WARNING * * *
The goblin shoots a stone.
The stone hits you.
You die...
Kikubaaqudgha rasps: "You have failed me!
Welcome... death!"

######### #....>..#
##### #.......#
#...########>......#
#.#.......g..w......
#..@########.......#
##.## #.......# #.
#....g... #.
##....... ..
#g##.#.# #. #.##.#<#
#. ##.###.##.#.# #.
#............
#..###.####.#


You could see a goblin.

Vanquished Creatures
  4 ball pythons (D:1)
  3 endoplasms (D:1)
  2 hobgoblins (D:1)
  2 bats (D:1)
  3 kobolds
14 creatures vanquished.

Notes
Turn   | Place    | Note
-------+----------+-------------------------------------------
     0 | D:1      | auston007 the Hill Orc Necromancer began the quest for the
                  | Orb.
     0 | D:1      | Reached XP level 1. HP: 14/14 MP: 3/3
   597 | D:1      | Reached XP level 2. HP: 15/20 MP: 0/4
  1882 | D:1      | Found a faded altar of an unknown god.
  1917 | D:1      | Became a worshipper of Kikubaaqudgha
  1917 | D:1      | Reached * piety under Kikubaaqudgha
  1917 | D:1      | Received a gift from Kikubaaqudgha
  1920 | D:1      | Learned a level 1 spell: Animate Skeleton
  1925 | D:1      | Learned a level 2 spell: Sublimation of Blood
  2063 | D:2      | Shot with a stone by a goblin

Illustrated notes

Levels and vault maps discovered:
D:1:      roderic_chinese_lattice_arrival, layout_loops_cross,
          basic_ecumenical_altar, minmay_crystal_water
D:2:      layout_loops_ring, serial_shops, shop, serial_rivers,
          chequers_serial_rivers_micro_b, chequers_serial_rivers_micro_c,
          chequers_serial_rivers_micro_a, chequers_serial_rivers_small_b

Action                   || total
-------------------------++-------
Melee: Unarmed           ||     3
       Whip              ||    26
 Cast: Pain              ||    31
Armor: Robe              ||     9
Dodge: Dodged            ||    36
